 Dungeon Crawl Stone Soup version 0.19.0-24-gb05acd6 (webtiles) character file.

69 patrickswayze the Sneak (level 4, -1/27 HPs)
             Began as a Deep Elf Chaos Knight on Nov 20, 2016.
             Slain by an orc
             ... wielding a cursed -2 trident
              (3 damage)
             ... on level 3 of the Dungeon.
             The game lasted 00:02:57 (2461 turns).

patrickswayze the Sneak (Deep Elf Chaos Knight)     Turns: 2461, Time: 00:02:58

Health: -1/27      AC:  6    Str: 13 (14) XL:     4   Next: 2%
Magic:  6/6        EV: 12    Int: 17      God:    Xom [*.....]
Gold:   117        SH:  0    Dex: 15      Spells: 0 memorised, 3 levels left

rFire  . . .     SeeInvis .     b - +1 dagger (venom)
rCold  . . .     Gourm    .     l - +2 leather armour
rNeg   . . .     Faith    .     (no shield)
rPois  .         Spirit   .     (no helmet)
rElec  .         Reflect  .     o - +0 cloak
rCorr  .         Harm     .     (no gloves)
MR     .....                    (no boots)
Stlth  +++.......               (no amulet)
                                (no ring)
                                (no ring)

@: mighty
A: no striking features
a: Renounce Religion


You were on level 3 of the Dungeon.
You worshipped Xom.
You were a special plaything of Xom.
You were not hungry.

You visited 1 branch of the dungeon, and saw 3 of its levels.

You collected 117 gold pieces.


   Skills:
 - Level 2.4 Fighting
 - Level 3.0 Short Blades
 - Level 0.7 Armour
 - Level 2.4 Dodging
 + Level 4.9 Stealth


You had 3 spell levels left.
You didn't know any spells.

Inventory:

Hand Weapons
 a - a +0 short sword of chaos
 b - a +1 dagger of venom (weapon)
Armour
 l - a +2 leather armour (worn)
 o - a +0 cloak (worn)
Jewellery
 f - an uncursed amulet of harm
Scrolls
 e - 4 scrolls of identify
 g - 3 scrolls of remove curse {unknown}
 i - a scroll of noise {unknown}
 k - a scroll of teleportation {unknown}
 m - 2 scrolls of random uselessness {unknown}
 p - a scroll of magic mapping {unknown}
 q - 2 scrolls of enchant weapon {unknown}
 t - a scroll of immolation {unknown}
Potions
 d - a potion of might
 h - a potion of flight {unknown}
 j - 2 potions of curing {unknown}
Comestibles
 c - a bread ration
 n - 2 meat rations
 r - a slice of pizza
 s - 4 chunks of flesh


Message History

The orc wizard hits you with a dagger.
It was a potion of might.
You feel very mighty all of a sudden.
Xom roars with laughter!
Xom's power touches on a nearby monster.
The orc wizard flickers and vanishes!
Deactivating autopickup; reactivate with Ctrl-A.
Something hits you but does no damage.
You miss something. Something hits you but does no damage.
You puncture something!
You hear some strange, mumbled words.
A magic dart appears from out of thin air!
The magic dart hits you!
* * * LOW HITPOINT WARNING * * *
You closely miss something. Something hits you.
* * * LOW HITPOINT WARNING * * *
Something hits you but does no damage.
The orc hits you from afar with a trident.
You die... "It was about time."

###
####################
..
#g{@................
..
#o##################
#. #.# #..##.##
##.#...######
+...........#####
###.og#.........#
..###..o#.#.....#.#
........>.........#


You could see an orc and a hobgoblin.

Vanquished Creatures
  2 adders (D:2)
  A worm (D:2)
  2 dart slugs (D:1)
  5 bats
  5 giant cockroaches
  4 goblins
  5 hobgoblins
  3 jackals (D:1)
  2 quokkas
  A ball python (D:1)
  4 kobolds
  7 rats
41 creatures vanquished.

Notes
Turn   | Place    | Note
-------+----------+-------------------------------------------
     0 | D:1      | patrickswayze the Deep Elf Chaos Knight began the quest for the Orb.
     0 | D:1      | Reached XP level 1. HP: 13/13 MP: 3/3
    10 | D:1      | Reached skill level 1 in Stealth
   122 | D:1      | Reached skill level 2 in Stealth
   123 | D:1      | Reached XP level 2. HP: 15/18 MP: 4/4
   288 | D:1      | Reached skill level 3 in Stealth
   698 | D:1      | Reached XP level 3. HP: 20/22 MP: 5/5
   794 | D:1      | XOM: harmless Pois miscast
   928 | D:1      | XOM: harmless Divn miscast
  1025 | D:2      | Found a blossoming altar of Fedhas.
  1131 | D:2      | XOM: mild Necr miscast
  1158 | D:2      | Reached skill level 4 in Stealth
  1342 | D:1      | XOM: medium Ice miscast
  1342 | D:1      | XOM: smoke on damage
  1499 | D:1      | XOM: harmless Divn miscast
  1600 | D:2      | XOM is BORED!
  1600 | D:2      | XOM: noise
  1797 | D:2      | XOM: butterfly on damage
  1970 | D:2      | Found a burning altar of Makhleb.
  2292 | D:2      | XOM: mild Ice miscast
  2393 | D:3      | Found a white marble altar of Elyvilon.
  2403 | D:3      | Reached XP level 4. HP: 25/27 MP: 6/6
  2452 | D:3      | XOM: stat loss: -1 Str (8/9)
  2458 | D:3      | XOM: enchant monster (bad)
  2461 | D:3      | HP: 2/27 [something (4)]
  2461 | D:3      | Slain by an orc

Vault maps used:
D:1:      dpeg_arrival_arbitrary_c, minivault_24, st_stairs_12,
          grunt_decor_fettered, minmay_misc_feat_encased, minmay_statues_item,
          serial_bayou_pond_c, minivault_27
D:2:      fedhas_altar_3, nicolae_overflow_hidden_temple
D:3:      lemuel_round_altar, minmay_misc_feat_square, st_stairs_8,
          serial_bayou_lagoon_a, elyvilon_altar_5, uniq_crazy_yiuf_cottage,
          uniq_iyjb

Action                   |  1- 3 |  4- 6 || total
-------------------------+-------+-------++-------
Melee: Short sword       |    41 |       ||    41
       Dagger            |    67 |     9 ||    76
  Use: Scroll            |     1 |       ||     1
       Potion            |       |     1 ||     1
 Stab: Sleeping          |     3 |       ||     3
  Eat: Chunk             |     3 |       ||     3
       Beef jerky        |     1 |       ||     1
Armor: Leather armour    |    36 |     5 ||    41
Dodge: Dodged            |    68 |     3 ||    71
